 Dungeon Crawl Stone Soup version 0.21.0 (webtiles) character file.

107 Lanoc the Digger (level 4, -6/24 HPs)
             Began as a Gargoyle Earth Elementalist on Jan 7, 2018.
             Mangled by Suckerboh's ghost (13 damage)
             ... on level 4 of the Dungeon.
             The game lasted 00:07:34 (2241 turns).

Lanoc the Digger (Gargoyle Earth Elementalist)      Turns: 2241, Time: 00:07:35

Health: -6/24      AC:  6    Str: 12    XL:     4   Next: 85%
Magic:  5/8        EV: 12    Int: 16    God:
Gold:   131        SH:  0    Dex: 10    Spells: 3/9 levels left

rFire    . . .     SeeInvis .   (no weapon)
rCold    . . .     Gourm    .   (no shield)
rNeg     + . .     Faith    .   c - +1 robe
rPois    ∞         Spirit   .   (no helmet)
rElec    +         Reflect  .   (no cloak)
rCorr    .         Harm     .   (no gloves)
MR       .....                  (no boots)
Stlth    ++........             (no amulet)
HPRegen  0.08/turn              (no ring)
MPRegen  0.11/turn              (no ring)

@: no status effects
A: negative energy resistance 1, electricity resistance, unbreathing,
petrification resistance, rot immunity, AC +3
a: no special abilities


You were on level 4 of the Dungeon.
You were not hungry.

You visited 1 branch of the dungeon, and saw 4 of its levels.

You collected 131 gold pieces.

Inventory:

Missiles
 b - 89 stones (quivered)
Armour
 c - a +1 robe (worn)
Scrolls
 a - 2 scrolls of identify
 f - a scroll of enchant armour
 h - a scroll of amnesia {unknown}
 i - a scroll of blinking {unknown}
 m - a scroll of remove curse
 n - a scroll of teleportation
Potions
 g - 2 potions of mutation
 j - a potion of curing {unknown}
 k - a potion of haste {unknown}
 l - 3 potions of degeneration {unknown}
 o - 2 potions of cancellation {unknown}
 p - a potion of flight {unknown}
Books
 e - a book of Geomancy

   Spells                             Type                      Level
   a - Sandblast                      Earth                        1
   b - Passwall                       Transmutation/Earth          2
   c - Stone Arrow                    Conjuration/Earth            3
   d - Petrify                        Transmutation/Earth          4
   e - Lee's Rapid Deconstruction     Earth                        5
Comestibles
 d - 7 rations
 q - a chunk of flesh


   Skills:
 - Level 1.5 Dodging
 - Level 2.1 Stealth
 + Level 3.0 Spellcasting
 - Level 0.7 Transmutations
 * Level 5.7 Earth Magic


You had 3 spell levels left.
You knew the following spells:

 Your Spells              Type           Power        Failure   Level  Hunger
a - Sandblast             Erth           ###...       1%          1    #......
b - Passwall              Tmut/Erth      ##........   8%          2    ##.....
c - Stone Arrow           Conj/Erth      ##....       17%         3    ###....


Dungeon Overview and Level Annotations

Branches:
Dungeon (4/15)
 Temple: D:4-7

Altars:
Cheibriados
Dithmenos
Qazlal
Trog
Uskayaw

Annotations:
D:4 Suckerboh's ghost, novice TrMo


Innate Abilities, Weirdness & Mutations

You are resistant to torment.
Your stone body is resilient. (AC +3)
You are immune to poison.
You resist negative energy. (rN+)
You are resistant to electric shocks. (rElec)
You can survive without breathing.
You are immune to petrification.
You are immune to rotting.


Message History

Aiming: Sandblast
Press: ? - help, Shift-Dir - straight line, f/p - Suckerboh's ghost
Aim: Suckerboh's ghost (lightly damaged)
The blast of sand hits Suckerboh's ghost.
Suckerboh's ghost is lightly damaged.
b - 90 stones Suckerboh's ghost barely misses you.
Casting: Sandblast
Confirm with . or Enter, or press ? or * to list all spells.
Aiming: Sandblast
Press: ? - help, Shift-Dir - straight line, f/p - Suckerboh's ghost
Aim: Suckerboh's ghost (lightly damaged)
The blast of sand misses Suckerboh's ghost.
b - 89 stones Suckerboh's ghost hits you!
Ouch! That really hurt!
* * * LOW HITPOINT WARNING * * *
Suckerboh's ghost hits you!
Ouch! That really hurt!
You die...

...#.............###.#
##....#....###..## #.#
#.####........# #.##
#..##.........##.#
#..##......W.....#
###......#####.....##
....###.## ####...#
)..## ##.# ##W..##
#.## .# ####@....###
..# ). #..........#
#.. ....).....##.###
##.. .....###..# .#
#.. ..... #.## # #..
## ..# ...# . #..# ..
...


You could see Suckerboh's ghost.

Vanquished Creatures
  A hound skeleton (D:2)
  A howler monkey skeleton (D:3)
  2 adders
  2 oozes
  2 worms (D:2)
  A dart slug (D:1)
  3 leopard geckos
  3 bats
  5 giant cockroaches (D:1)
  8 hobgoblins
  6 kobolds
  A quokka (D:2)
  3 ball pythons
  3 frilled lizards
  2 goblins (D:3)
  6 rats
49 creatures vanquished.

Notes
Turn   | Place    | Note
-------+----------+-------------------------------------------
     0 | D:1      | Lanoc the Gargoyle Earth Elementalist began the quest for the Orb.
     0 | D:1      | Reached XP level 1. HP: 10/10 MP: 3/3
    86 | D:1      | Reached skill level 4 in Earth Magic
    92 | D:1      | Reached XP level 2. HP: 14/15 MP: 1/5
   110 | D:1      | Learned a level 2 spell: Passwall
   415 | D:1      | Reached XP level 3. HP: 14/19 MP: 1/6
   459 | D:1      | Learned a level 3 spell: Stone Arrow
   962 | D:2      | Found a hide-covered altar of Uskayaw.
   964 | D:2      | Found a shadowy altar of Dithmenos.
   965 | D:2      | Found a snail-covered altar of Cheibriados.
   967 | D:2      | Found a bloodstained altar of Trog.
   967 | D:2      | Found a stormy altar of Qazlal.
  1132 | D:2      | Reached skill level 5 in Earth Magic
  1264 | D:2      | Reached XP level 4. HP: 24/24 MP: 2/8
  2195 | D:4      | Noticed Suckerboh's ghost (novice TrMo)
  2241 | D:4      | Mangled by Suckerboh's ghost

Skill      XL: |  1  2  3  4 |
---------------+-------------+-----
Earth Magic    | 4 5 |  5.7
Spellcasting   | 3 |  3.0
Dodging        | |  1.5
Stealth        | |  2.1
Transmutations | |  0.7

Action                   |  1- 3 |  4- 6 || total
-------------------------+-------+-------++-------
Melee: Unarmed           |    68 |    42 ||   110
 Cast: Sandblast         |    32 |    11 ||    43
       Stone Arrow       |     8 |    20 ||    28
  Use: Scroll            |     6 |       ||     6
  Eat: Chunk             |     2 |     6 ||     8
Armor: Robe              |    15 |    10 ||    25
Dodge: Dodged            |    45 |    34 ||    79
